 Dungeon Crawl Stone Soup version 0.21-a0-88-g13b9641 (webtiles) character file.

807 HAL9000 the Cudgeler (level 7, -7/67 HPs)
             Began as an Ogre Hunter on June 27, 2017.
             Killed by nerve-wracking pain
             ... invoked by Grinder
              (8 damage)
             ... on level 5 of the Dungeon.
             The game lasted 00:14:24 (7814 turns).

HAL9000 the Cudgeler (Ogre Hunter)                  Turns: 7814, Time: 00:14:25

Health: -7/67      AC:  5    Str: 19    XL:     7   Next: 92%
Magic:  0/7        EV: 10    Int: 12    God:
Gold:   260        SH:  0    Dex:  9    Spells: 6/6 levels left

rFire    . . .     SeeInvis .   M - +0 flail
rCold    . . .     Gourm    .   (no shield)
rNeg     . . .     Faith    .   b - +0 robe
rPois    .         Spirit   +   L - +1 hat
rElec    .         Reflect  .   z - +0 cloak
rCorr    .         Harm     .   (gloves unavailable)
MR       .....                  (boots unavailable)
Stlth    +.........             n - amulet of guardian spirit
HPRegen  0.21/turn              (no ring)
MPRegen  0.10/turn              (no ring)

@: no status effects
A: unfitting armour, tough skin 1
a: no special abilities


You were on level 5 of the Dungeon.
You were hungry.

You visited 2 branches of the dungeon, and saw 6 of its levels.

You collected 260 gold pieces.

Inventory:

Hand Weapons
 w - a +0 mace
 M - a +0 flail (weapon)
 V - a +0 giant spiked club
Missiles
 c - a large rock (quivered)
 d - 2 throwing nets
Armour
 b - a +0 robe (worn)
 z - a +0 cloak (worn)
 L - a +1 hat (worn)
Jewellery
 n - an amulet of guardian spirit (around neck)
Wands
 J - a wand of enslavement (11/24)
 K - a wand of lightning (8/15)
Scrolls
 u - a scroll of blinking {unknown}
 y - 3 scrolls of teleportation
 C - 4 scrolls of remove curse
 T - a scroll of vulnerability {unknown}
 U - a scroll of identify
Potions
 l - 3 potions of cancellation
 q - a potion of agility
 D - a potion of haste {unknown}
 H - a potion of flight {unknown}
 I - a potion of degeneration {unknown}
 O - a potion of lignification {unknown}
 Q - a potion of resistance {unknown}
 S - a potion of might
Comestibles
 f - 3 bread rations
 o - 3 royal jellies
 A - 4 fruits
 E - a meat ration


   Skills:
 - Level 3.1 Fighting
 + Level 7.7 Maces & Flails
 - Level 4.0 Throwing
 - Level 1.7 Dodging
 - Level 0.6 Stealth


You had 6 spell levels left.
You didn't know any spells.

Dungeon Overview and Level Annotations

Branches:
Dungeon (5/15)             Temple (1/1) D:5

Altars:
Ashenzari
Cheibriados
Elyvilon
Fedhas
Gozag
Hepliaklqana
Kikubaaqudgha
Okawaru
Qazlal
Ru
Sif Muna
Uskayaw
Wu Jian
Xom
Yredelemnul
Zin
The Shining One

Annotations:
D:5 Grinder; nikopol's ghost, novice DEFE


Innate Abilities, Weirdness & Mutations

You are too large for most types of armour.
You have tough skin. (AC +1)


Message History

You see here a large rock.
Grinder says, "DUCK!"
Grinder blinks!
You see here a large rock.
(D) Dungeon (T) Temple
Where to? (Enter - D:5, ? - help)
Okay, then.
Unknown command.
Unknown command.
Grinder gestures at you. Pain shoots through your body!
* * * LOW HITPOINT WARNING * * *
You see here a large rock.
(D) Dungeon (T) Temple
Where to? (Enter - D:5, ? - help)
Okay, then.
c - a large rock Grinder gestures at you.
Pain shoots through your body!
You die...

### #########.##
#........#.#
#.#######.## #.#######.#
#.##....>.# #.##......##
##.##########...........
.....§(@(......#........
##.######5.............#
#..!..(†........#..#
#.###.##.....#......
#.##..)..##.#.W.
#.##............
#.##.....##..#..
#.##.#.### #. .#.#


You could see Grinder.

Vanquished Creatures
  3 ogres
  A scorpion (D:4)
  A crimson imp (D:5)
  A hound (Temple)
  Crazy Yiuf (D:2)
  2 orc priests (D:4)
  2 bullfrog skeletons (D:5)
  A centaur skeleton (D:5)
  2 iguanas
  A worker ant (D:3)
  Robin (D:2)
  A howler monkey skeleton (D:5)
  4 adders
  3 oozes
  An adder skeleton (D:4)
  3 worms
  2 dart slugs
  2 leopard geckos (D:3)
  10 orcs
  3 ball pythons
  12 bats
  5 giant cockroaches
  14 hobgoblins
  9 jackals
  3 quokkas
  4 frilled lizards
  11 goblins
  A jackal skeleton (D:4)
  8 kobolds
  6 rats
118 creatures vanquished.

Notes
Turn   | Place    | Note
-------+----------+-------------------------------------------
     0 | D:1      | HAL9000 the Ogre Hunter began the quest for the Orb.
     0 | D:1      | Reached XP level 1. HP: 22/22 MP: 1/1
   296 | D:1      | Reached skill level 1 in Maces & Flails
   296 | D:1      | Reached XP level 2. HP: 20/31 MP: 2/2
   761 | D:1      | HP: 1/31 [goblin/club (4)]
  1330 | D:1      | Reached skill level 2 in Maces & Flails
  1330 | D:1      | Reached XP level 3. HP: 26/37 MP: 3/3
  1874 | D:2      | Found a faded altar of an unknown god.
  1891 | D:2      | Noticed Robin
  2543 | D:2      | Killed Robin
  2543 | D:2      | Reached XP level 4. HP: 17/45 MP: 4/4
  2557 | D:2      | Reached skill level 3 in Maces & Flails
  3630 | D:2      | Found a runed door.
  3687 | D:2      | Noticed Crazy Yiuf
  3689 | D:2      | Killed Crazy Yiuf
  4229 | D:3      | Reached XP level 5. HP: 16/53 MP: 1/5
  4249 | D:3      | HP: 2/53 [poisoned by an adder]
  4254 | D:3      | HP: 1/53 [poisoned by an adder]
  4592 | D:3      | Reached skill level 4 in Maces & Flails
  5644 | D:4      | Found a hide-covered altar of Uskayaw.
  5646 | D:4      | Noticed an ogre
  5658 | D:4      | Killed an ogre
  5658 | D:4      | Reached skill level 5 in Maces & Flails
  5658 | D:4      | Reached XP level 6. HP: 58/61 MP: 6/6
  6657 | D:4      | Reached skill level 6 in Maces & Flails
  6711 | D:4      | Reached XP level 7. HP: 43/67 MP: 5/7
  7259 | D:5      | Entered Level 5 of the Dungeon
  7351 | D:5      | Found a staircase to the Ecumenical Temple.
  7360 | Temple   | Entered the Ecumenical Temple
  7454 | D:5      | Reached skill level 7 in Maces & Flails
  7663 | D:5      | Noticed nikopol's ghost (novice DEFE)
  7784 | D:5      | Noticed Grinder
  7808 | D:5      | HP: 3/67 [Grinder (7)]
  7808 | D:5      | HP: 1/67 [Grinder (2)]
  7813 | D:5      | HP: 1/67 [Grinder/nerve-wracking pain (2)]
  7814 | D:5      | Killed from afar by Grinder

Vault maps used:
D:1:      minmay_arrival_plants_in_alcoves
D:2:      chequers_ecumenical_altar_simple_redux, uniq_robin,
          uniq_crazy_yiuf_cottage
D:3:      serial_glass, glass_columns_a, glass_columns_b, glass_columns_a,
          glass_columns_b, glass_columns_c, glass_columns_b, glass_columns_b,
          glass_columns_a, glass_columns_a, glass_columns_a,
          due_unseen_surprise, minmay_strange_pillars, grunt_ministairs_8
D:4:      eat_drink_and_be_merry_uskayaw
D:5:      minmay_temple_entry_butterflies, first_bread, fedhas_altar_4,
          uniq_grinder
Temple:   nicolae_temple_x_marks_the_god

Skill      XL: |  1  2  3  4  5  6  7 |
---------------+----------------------+-----
Fighting       | 3 |  3.1
Maces & Flails | 1 2 3 5 6 7 |  7.7
Throwing       | |  4.0
Dodging        | |  1.7
Stealth        | |  0.6

Action                   |  1- 3 |  4- 6 |  7- 9 || total
-------------------------+-------+-------+-------++-------
Melee: Short sword       |   176 |     3 |       ||   179
       Mace              |       |   245 |       ||   245
       Flail             |       |    12 |    78 ||    90
Throw: Large rock        |     9 |     4 |     7 ||    20
  Use: Scroll            |       |     6 |     1 ||     7
       Potion            |       |     5 |       ||     5
  Eat: Chunk             |     5 |    13 |     3 ||    21
       Fruit             |       |     1 |       ||     1
Armor: Robe              |    58 |   124 |    33 ||   215
Dodge: Dodged            |   123 |   209 |    56 ||   388
